 Dungeon Crawl Stone Soup version 0.30.1-1-g62c8e00024 (webtiles) character file.

Game seed: 7762128740992317266

1811 monsoonserge the Covered (level 8, 0/55 (62) HPs)
             Began as a Demonspawn Warper on July 15, 2023.
             Slain by a wight
             ... wielding a +0 halberd
              (5 damage)
             ... on level 8 of the Dungeon.
             The game lasted 00:21:56 (6260 turns).

monsoonserge the Covered (Demonspawn Warper)        Turns: 6260, Time: 00:21:57

HP:   0/55 (62)     AC: 16    Str: 12    XL:     8   Next: 84%
MP:   0/12          EV: 11    Int: 16    God:
Gold: 537           SH:  4    Dex: 11    Spells: 6/11 levels left

rFire   + . .        u - +0 flail (drain)
rCold   + . .        (no shield)
rNeg    . . .        J - +2 ring mail {rF+}
rPois   +            I - +0 helmet of the Gloaming {+Blink}
rElec   .            b - +0 cloak
rCorr   +            Q - +0 pair of gloves
SInv    .            (no boots)
Will    .....        O - amulet of guardian spirit
Stlth   +            v - ring of protection from cold
HPRegen 0.29/turn    V - ring of poison resistance
MPRegen 0.26/turn

%: guardian spirit
@: mighty, attractive, studying Air Magic, heavily drained
A: claws 1, yellow scales 3, magic regeneration, large bone plates 1, clumsy 1,
high MP 1
a: Evoke Blink


You were on level 8 of the Dungeon.
You visited 2 branches of the dungeon, and saw 9 of its levels.

You collected 537 gold pieces.

Inventory:

Hand Weapons
 a - a +0 mace
 g - a +0 sling
 l - a +1 dagger of venom
 u - a +0 flail of draining (weapon)
 z - a +2 heavy scimitar
 U - a +0 heavy war axe
Missiles
 d - 6 boomerangs of dispersal
 q - 3 poisoned darts
 K - 5 javelins
 S - 5 boomerangs (quivered)
Armour
 b - a +0 cloak (worn)
 h - a +0 scale mail
 I - the +0 helmet of the Gloaming (worn) {+Blink}
   (You found it on level 5 of the Dungeon)

   +Blink:    It lets you blink.
 J - a +2 ring mail of fire resistance (worn)
 L - a +0 chain mail
 Q - a +0 pair of gloves (worn)
Magical Staves
 f - a staff of fire
 F - a staff of earth
 H - a staff of poison
Jewellery
 t - a ring of fire
 v - a ring of protection from cold (left hand)
 D - a +6 ring of dexterity
 O - an amulet of guardian spirit (around neck)
 V - a ring of poison resistance (right hand)
Wands
 y - a wand of polymorph (11)
Scrolls
 c - 2 scrolls of blinking
 n - 6 scrolls of teleportation {unknown}
 o - 4 scrolls of amnesia {unknown}
 s - 2 scrolls of fog {unknown}
 w - 4 scrolls of identify {unknown}
 x - 3 scrolls of poison {unknown}
 B - 6 scrolls of immolation {unknown}
 C - 2 scrolls of enchant weapon {unknown}
 E - 3 scrolls of magic mapping {unknown}
 G - 2 scrolls of noise {unknown}
 N - a scroll of vulnerability {unknown}
 W - a scroll of silence {unknown}
Potions
 e - a potion of invisibility {unknown}
 i - 2 potions of might
 j - 2 potions of curing {unknown}
 k - a potion of mutation
 m - 2 potions of ambrosia {unknown}
 p - 2 potions of lignification {unknown}
 r - 2 potions of berserk rage {unknown}
 A - a potion of heal wounds {unknown}
 M - a potion of attraction
 P - a potion of haste {unknown}
 R - a potion of flight {unknown}
 T - a potion of experience {unknown}
 X - a potion of magic {unknown}


   Skills:
 + Level 5.1 Fighting
 - Level 0.3 Short Blades
 - Level 4.6 Maces & Flails
 - Level 1.0 Throwing
 * Level 6.3 Armour
 + Level 2.6 Dodging
 - Level 1.0 Stealth
 * Level 2.2 Unarmed Combat
 - Level 2.0 Spellcasting
 + Level 3.4 Translocations
 * Level 3.3 Air Magic
 + Level 2.3 Evocations


You had 6 spell levels left.
You knew the following spells:

 Your Spells              Type           Power      Damage    Failure   Level
a - Blink                 Tloc           24%        N/A       16%         2
b - Vhi's Electric Charg  Tloc/Air       24%        N/A       32%         3

Your spell library contained the following spells:

 Spells                   Type           Power      Damage    Failure   Level
 Apportation              Tloc           24%        N/A       11%         1
 Lesser Beckoning         Tloc           24%        N/A       16%         2
 Teleport Other           Tloc           12%        N/A       30%         3
 Sandblast                Erth           2%         2d4       38%         1
 Passwall                 Tmut/Erth      0%         N/A       54%         2
 Manifold Assault         Tloc           12%        N/A       71%         4
 Stone Arrow              Conj/Erth      2%         3d7       77%         3
 Anguish                  Hex/Necr       0%         N/A       99%         4
 Cause Fear               Hex            0%         N/A       99%         4
 Alistair's Intoxication  Tmut/Pois      0%         N/A       100%        5
 Enfeeble                 Hex            0%         N/A       100%        7


Dungeon Overview and Level Annotations

Branches:
Dungeon (8/15)             Temple (1/1) D:7
   Lair: D:8-11

Altars:
Ashenzari
Cheibriados
Dithmenos
Kikubaaqudgha
Makhleb
Nemelex Xobeh
Okawaru
Qazlal
Ru
Sif Muna
Trog
Uskayaw
Wu Jian
Xom

Shops:
D:5 [*


Innate Abilities, Weirdness & Mutations

You have sharp fingernails.
You are completely covered in yellow scales. (AC +4, rCorr)
You regenerate magic rapidly.
You are partially covered in large bone plates. (SH +4)
You are clumsy. (Dex -2)
You have an increased reservoir of magic. (+10% MP)


Message History

A wight comes into view. It is wielding a +0 long sword.
Found a stone staircase leading down.
A wight comes into view. It is wielding a +1 mace.
The orc wizard gestures at you while chanting.
The magic dart hits you. The wight misses you.
You open the door.
The orc wizard casts a spell.
The orc wizard flickers and vanishes!
Deactivating autopickup; reactivate with Ctrl-A.
The wight hits you but does no damage. The orc attacks as you move away!
The orc barely misses you.
There is an open door here.
The wight attacks as you move away!
The wight hits you with a +0 long sword!
You feel drained.
* * * LOW HITPOINT WARNING * * *
Okay, then.
It was a potion of might.
You feel very mighty all of a sudden. The orc hits you but does no damage.
The wight hits you from afar with a +0 halberd!
* * * LOW HITPOINT WARNING * * *
You feel drained.
* * * LOW HITPOINT WARNING * * *
You barely miss the orc. The orc misses you.
A wight comes into view. It is wielding a +0 mace.
The wight hits you from afar with a +0 halberd.
* * * LOW HITPOINT WARNING * * *
Unknown command.
It was a potion of attraction.
You feel attractive to monsters. The orc hits you but does no damage.
The wight barely misses you. The wight is attracted toward you.
It was a potion of mutation.
You feel extremely strange.
Large bone plates grow over parts of your arms.
You feel clumsy.
You feel more energetic. You block the orc's attack.
The wight hits you from afar with a +0 halberd!
You die...

#..$.......
###+##..............
....................
............$.......
.z........ยง........
..................
#######......z.#########
#......zz#........
#.......zo@.......
#.......z#..######
#....######## #....#
######


You could see 5 wights and an orc.

Vanquished Creatures
  Edmund (D:6)
  2 water moccasins
  An orc warrior (D:6)
  3 ice beasts
  2 sky beasts
  A centaur (D:7)
  2 phantoms
  A bullfrog (D:7)
  2 scorpions (D:6)
  3 howler monkeys (D:7)
  3 hounds
  A jelly (D:7)
  2 iguanas (D:5)
  A sleepcap (D:7)
  An orc wizard (D:6)
  7 adders
  A white imp (D:6)
  2 ufetubi (D:5)
  5 dart slugs
  11 orcs
  6 ball pythons
  7 endoplasms
  2 giant cockroaches (D:2)
  9 goblins
  7 hobgoblins
  3 jackals (D:1)
  7 quokkas
  9 bats
  A frilled lizard (D:1)
  12 kobolds
  5 rats
120 creatures vanquished.

Notes
Turn   | Place    | Note
-------+----------+-------------------------------------------
     0 | D:1      | monsoonserge the Demonspawn Warper began the quest for the
                  | Orb.
     0 | D:1      | Reached XP level 1. HP: 16/16 MP: 3/3
    55 | D:1      | Reached skill level 1 in Armour
   148 | D:1      | Gained mutation: You are partially covered in yellow
                  | scales. (AC +2) [demonic ancestry]
   148 | D:1      | Reached XP level 2. HP: 23/23 MP: 5/5
   481 | D:1      | Found a faded altar of an unknown god.
   567 | D:1      | Reached XP level 3. HP: 28/28 MP: 6/6
  1171 | D:2      | Gained mutation: You are mostly covered in yellow scales.
                  | (AC +3) [demonic ancestry]
  1171 | D:2      | Reached XP level 4. HP: 35/35 MP: 7/7
  1374 | D:2      | Learned a level 2 spell: Blink
  1385 | D:2      | Reached skill level 2 in Armour
  2798 | D:4      | Found a sparkling altar of Nemelex Xobeh.
  3385 | D:5      | Entered Level 5 of the Dungeon
  3388 | D:5      | Found an iron altar of Okawaru.
  3430 | D:5      | Identified the +0 helmet of the Gloaming {+Blink}
  3445 | D:5      | Found Ohi Syon's Armour Boutique.
  3517 | D:5      | Gained mutation: You are completely covered in yellow
                  | scales. (AC +4, rCorr) [demonic ancestry]
  3517 | D:5      | Reached XP level 5. HP: 29/41 MP: 8/8
  3825 | D:5      | Reached skill level 1 in Stealth
  3975 | D:5      | Found Canof's General Store.
  4132 | D:5      | Reached skill level 1 in Evocations
  4174 | D:5      | Noticed a phantom
  4208 | D:6      | Gained mutation: You regenerate magic rapidly. [demonic
                  | ancestry]
  4208 | D:6      | Reached XP level 6. HP: 47/47 MP: 9/9
  4268 | D:6      | Noticed an orc warrior
  4487 | D:7      | Noticed a sky beast
  4520 | D:7      | Killed a sky beast
  4521 | D:7      | Reached skill level 3 in Armour
  4762 | D:6      | Noticed Edmund
  4784 | D:6      | Killed Edmund
  4785 | D:6      | Reached XP level 7. HP: 34/54 MP: 7/10
  4801 | D:6      | Reached skill level 4 in Armour
  5089 | D:6      | Reached skill level 1 in Throwing
  5160 | D:6      | Gained mutation: You have sharp fingernails. [demonic
                  | ancestry]
  5160 | D:6      | Reached XP level 8. HP: 56/61 MP: 9/11
  5165 | D:6      | Learned a level 3 spell: Vhi's Electric Charge
  5625 | D:7      | Reached skill level 5 in Armour
  5625 | D:7      | Reached skill level 1 in Air Magic
  5680 | D:7      | Reached skill level 1 in Unarmed Combat
  5842 | D:7      | Found a staircase to the Ecumenical Temple.
  5866 | D:7      | Reached skill level 6 in Armour
  5900 | Temple   | Entered the Ecumenical Temple
  5911 | Temple   | Reached skill level 5 in Fighting
  6260 | D:8      | Gained mutation: You are partially covered in large bone
                  | plates. (SH +4) [potion of mutation]
  6260 | D:8      | Gained mutation: You are clumsy. (Dex -2) [potion of
                  | mutation]
  6260 | D:8      | Gained mutation: You have an increased reservoir of magic.
                  | (+10% MP) [potion of mutation]
  6260 | D:8      | Slain by a wight

Illustrated notes

Levels and vault maps discovered:
D:1:      lemuel_arrival_lava_pool, layout_loops_ring, basic_ecumenical_altar
D:2:      kennysheep_six_static_rooms, layout_loops_cross, minmay_misc_feat_chi,
          minmay_tromino_v4_b
D:3:      layout_basic, mainiacjoe_overflow_cross_hatched,
          hangedman_decor_growths, hangedman_abyss_or_decor_stabs
D:4:      layout_gridville, nemelex_xobeh_ov_fountains_minmay
D:5:      layout_gridville, mainiacjoe_overflow_paths, serial_shops,
          nicolae_shop_behind_doors, nicolae_shop_window_shopping
D:6:      layout_basic, reono_crystal_passage, minmay_manual_moon, uniq_edmund
D:7:      layout_loops_ring, minmay_temple_entry_glass, minmay_joined_circles
D:8:      layout_gridville, kennysheep_mini_moat,
          mainiacjoe_overflow_catch_the_wave, due_lair_maze_entry_diamond
Temple:   nicolae_temple_bog_church

Skill      XL: |  1  2  3  4  5  6  7  8 |
---------------+-------------------------+-----
Armour         | 1 2 3 4 6 |  6.3
Maces & Flails | 2 3 4 |  4.6
Translocations | 3 |  3.4
Dodging        | 2 |  2.6
Fighting       | 3 4 5 |  5.1
Stealth        | 1 |  1.0
Evocations     | 1 2 |  2.3
Throwing       | 1 |  1.0
Air Magic      | 3 |  3.3
Unarmed Combat | 2 |  2.2
Short Blades   | |  0.3
Spellcasting   | |  2.0

Action                     |  1- 3 |  4- 6 |  7- 9 || total
---------------------------+-------+-------+-------++-------
  Melee: Mace              |    99 |       |       ||    99
         Dagger            |    23 |    58 |       ||    81
         Flail             |       |   189 |   175 ||   364
         Punch             |       |     4 |     3 ||     7
  Throw: Dart              |       |       |     6 ||     6
         Boomerang         |       |       |    13 ||    13
   Cast: Blink             |       |     3 |     2 ||     5
    Use: Potion            |       |       |     3 ||     3
   Stab: Sleeping          |       |     3 |       ||     3
 Armour: Leather armour    |    42 |    65 |       ||   107
         Ring mail         |       |    68 |   109 ||   177
  Dodge: Dodged            |    79 |   161 |   128 ||   368
  Block: Other             |       |       |     1 ||     1
